 Dungeon Sprint DCSS version 0.29.1-12-g30fa7ad0bf (webtiles) character file.

Game seed: 8725318571946677610

3964 Groucho the Unseen (level 10, -3/56 HPs)
             Began as a Spriggan Enchanter on Dec 22, 2022.
             Was a Believer of Dithmenos.
             Succumbed to something's dark miasma
             ... in the Dungeon (Sprint II: "The Violet Keep of Menkaure").
             The game lasted 00:07:03 (861 turns).

Groucho the Unseen (Spriggan Enchanter)              Turns: 861, Time: 00:07:04

Health: -3/56      AC:  2    Str:  8    XL:     10   Next: 2%
Magic:  16/25      EV: 23    Int: 17    God:    Dithmenos [**....]
Gold:   557        SH:  0    Dex: 16    Spells: 17/30 levels left

rFire   . . .      SeeInvis +   a - +1 dagger
rCold   . . .      Faith    .   (no shield)
rNeg    + . .      Spirit   .   b - +0 robe
rPois   .          Reflect  .   (helmet restricted)
rElec   .          Harm     .   (no cloak)
rCorr   .          Rampage  .   (gloves unavailable)
Will    +....      NoTele   +   (boots unavailable)
Stlth   ++++++++..              (no amulet)
HPRegen 0.18/turn               f - ring "Fozycs" {Fly rN+}
MPRegen 0.19/turn               (no ring)

@: lethally poisoned (-3 -> -32), flying, slowed, wreathed by umbra, quick
A: very small, no large weapons, unfitting armour, see invisible, speed 3
a: Renounce Religion, Shadow Step


You were in the Dungeon.
You worshipped Dithmenos.
Dithmenos was pleased with you.
You visited 1 branch You collected 1144 gold pieces.
You spent 587 gold pieces at shops.

Inventory:

Hand Weapons
 a - a +1 dagger (weapon)
Armour
 b - a +0 robe (worn)
Jewellery
 f - the ring "Fozycs" (left hand) {Fly rN+}
   (You bought it in a shop in the Dungeon)

   [ring of positive energy]

   rN:        It protects you from negative energy.
   Fly:       It grants you flight.
Potions
 c - a potion of attraction {unknown}
 d - a potion of curing
 e - a potion of heal wounds
 g - 2 potions of magic


   Skills:
 + Level 8.0 Fighting
 + Level 8.5 Short Blades
 + Level 10.0 Dodging
 - Level 17.0 Stealth
 + Level 10.9 Spellcasting
 * Level 3.6 Conjurations
 + Level 13.1 Hexes
 * Level 4.4 Earth Magic


You had 17 spell levels left.
You knew the following spells:

 Your Spells              Type           Power      Damage    Failure   Level
a - Ensorcelled Hibernat  Hex/Ice        62%        N/A       1%          2
b - Confusing Touch       Hex            52%        N/A       1%          3
c - Dazzling Flash        Conj/Hex       74%        N/A       1%          3
d - Stone Arrow           Conj/Erth      44%        3d9       4%          3
e - Passwall              Tmut/Erth      13%        N/A       4%          2

Your spell library contained the following spells:

 Spells                   Type           Power      Damage    Failure   Level
 Sandblast                Erth           48%        2d12      1%          1
 Tukima's Dance           Hex            52%        N/A       1%          3


Dungeon Overview and Level Annotations

Branches:
Dungeon (1/1)

Altars:
Cheibriados
Dithmenos
Elyvilon
Fedhas
Gozag
Hepliaklqana
Kikubaaqudgha
Makhleb
Nemelex Xobeh
Okawaru
Qazlal
Ru
Sif Muna
Trog
Uskayaw
Vehumet
Wu Jian
Xom
Yredelemnul
Zin
The Shining One
Jiyva
Lugonu

Shops:
D =::[*!:?([[=[(!

Annotations:
D exclusion: oklob plant


Innate Abilities, Weirdness & Mutations

You are very small and have problems with some larger weapons.
You are too small for most types of armour.
You have supernaturally acute eyesight. (SInv)
You cover ground extremely quickly. (Speed+++)


Message History

Aim: a death drake (umbra, chance to affect: 43%)
The death drake looks drowsy...
The hell hog bites the hell hog!
The hell hog bites itself!
A swamp drake comes into view.
The swamp drake roars!
The death drake hisses angrily.
You hit the swamp drake.
The swamp drake is lightly wounded.
The hell hog bites the hell hog! x2; The hell hog bites itself.
The death drake bites you.
* * * LOW HITPOINT WARNING * * *
The swamp drake breathes poison at you. The noxious blast misses you.
Unknown command.
Blink to where?
Press: ? - help, Dir - move target, p - death drake Really blink into a travel-excluded area?
Okay, then.
Blink to where?
Press: ? - help, Dir - move target, f - you
Okay, then.
Unknown command.
Blink to where?
Press: ? - help, Dir - move target Really blink into a travel-excluded area?
As you read the scroll of blinking, it crumbles to dust.
The death drake breathes miasma at you. The foul vapour misses you.
A death drake comes into view.
You are engulfed in dark miasma.
You are lethally poisoned!
You feel yourself slow down.
* * * LOW HITPOINT WARNING * * *
x2 You feel sick.
Unknown command.
Unknown command.
You are engulfed in dark miasma.
You are more poisoned.
* * * LOW HITPOINT WARNING * * *
You die...

~.##+##.. ####h# #
~##.#.##.####.$'°##°# ~#.###.#
...#[.#°°k####
###.#.####..#####k°##.#
.###'###.##..#..'°°#).#
.###.##.#.#..#.[#^°#††#
#.'.<.'##.'..####.°##.#▓?
.###.###..#....###°°°##▓▓▓▓▓▓▓
.###'###.##.....@°☼°°~~~~~~~~~
###.#.####~~....°°#+########+###
~#..#..#~~~~~~~§§°#._._._..#§~§#
~##.#.##~§~~~~~~.§#.._._._.#§§§≈
~~##+##~~~≈≈§~§~~~#._._._._#~~~~
~~ ~~~§~~§≈§§~~~#_._._._.#S§~§
+++#~≈§≈§≈≈≈~#._._._..#S~~~
##§≈≈###≈§#_._._...#~~§~ ##≈§
#≈§#._._....#§~≈≈


There were no monsters in sight!

Vanquished Creatures
  An ice dragon (D)
  2 boulder beetles (D)
  A yaktaur (D)
  3 polar bears (D)
  A hornet (D)
  2 wyverns (D)
  4 neqoxecs (D)
  Menkaure (D)
  A water moccasin (D)
  4 scorpions (D)
20 creatures vanquished.

Notes
Turn   | Place    | Note
-------+----------+-------------------------------------------
     0 | D        | Groucho the Spriggan Enchanter began the quest for the Orb.
     0 | D        | Reached XP level 1. HP: 9/9 MP: 5/5
     3 | D        | Noticed a scorpion
     3 | D        | Noticed a scorpion
     7 | D        | Noticed a neqoxec
    10 | D        | Noticed a wyvern
    10 | D        | Noticed a wyvern
    14 | D        | Noticed a boulder beetle
    14 | D        | Noticed a boulder beetle
    19 | D        | Noticed a scorpion
    19 | D        | Noticed a scorpion
    28 | D        | Killed a scorpion
    29 | D        | Reached skill level 9 in Stealth
    29 | D        | Reached skill level 5 in Spellcasting
    29 | D        | Reached skill level 5 in Hexes
    29 | D        | Reached XP level 2. HP: 12/13 MP: 6/9
    29 | D        | Reached XP level 3. HP: 15/16 MP: 6/10
    37 | D        | Killed a scorpion
    38 | D        | Reached skill level 1 in Fighting
    38 | D        | Reached skill level 10 in Stealth
    38 | D        | Reached XP level 4. HP: 14/22 MP: 6/12
    47 | D        | Killed a scorpion
    48 | D        | Reached skill level 11 in Stealth
    48 | D        | Reached XP level 5. HP: 7/26 MP: 7/14
    58 | D        | Killed a wyvern
    59 | D        | Reached skill level 5 in Dodging
    59 | D        | Reached skill level 12 in Stealth
    59 | D        | Reached XP level 6. HP: 6/32 MP: 9/17
    61 | D        | Killed a wyvern
    62 | D        | Reached skill level 5 in Short Blades
    62 | D        | Reached skill level 13 in Stealth
    71 | D        | Killed a neqoxec
    72 | D        | Reached skill level 14 in Stealth
    72 | D        | Reached XP level 7. HP: 8/37 MP: 11/19
    72 | D        | Noticed a neqoxec
    73 | D        | Killed a neqoxec
    74 | D        | Reached skill level 15 in Stealth
    74 | D        | Noticed a neqoxec
    74 | D        | Noticed a neqoxec
    76 | D        | Killed a neqoxec
    77 | D        | Reached skill level 16 in Stealth
    78 | D        | Killed a neqoxec
    79 | D        | Reached skill level 17 in Stealth
    90 | D        | Killed a boulder beetle
    91 | D        | Reached XP level 8. HP: 11/44 MP: 14/22
    93 | D        | Killed a boulder beetle
    94 | D        | Reached XP level 9. HP: 13/50 MP: 14/23
   114 | D        | Learned a level 2 spell: Ensorcelled Hibernation
   118 | D        | Learned a level 3 spell: Confusing Touch
   122 | D        | Learned a level 3 spell: Dazzling Flash
   343 | D        | Found Dius's Antique Armour Shoppe.
   343 | D        | Found Fyghatz's Weapon Shoppe.
   343 | D        | Found Louwimix's Antique Armour Emporium.
   343 | D        | Found Fariat's Jewellery Emporium.
   343 | D        | Found Wanwepla's Antique Weapon Shoppe.
   343 | D        | Found Irhishop's Antique Armour Shoppe.
   344 | D        | Found Botavvai's Magic Scroll Emporium.
   345 | D        | Found Xyhup's Book Shoppe.
   345 | D        | Found Vucrecw's Distillery.
   345 | D        | Found Gomar's Distillery.
   345 | D        | Noticed Menkaure
   367 | D        | Killed Menkaure
   368 | D        | Reached skill level 10 in Spellcasting
   373 | D        | Found Ofau's General Store.
   373 | D        | Found Yvvoasch's Armour Emporium.
   373 | D        | Noticed an oklob plant
   374 | D        | Found Uliet's Book Shoppe.
   374 | D        | Found Aduyll's Jewellery Emporium.
   374 | D        | Found Miophoig's Book Shoppe.
   397 | D        | Bought the ring "Fozycs" {Fly rN+} for 407 gold pieces
   401 | D        | Bought a book of Geomancy for 180 gold pieces
   405 | D        | Learned a level 3 spell: Stone Arrow
   408 | D        | Learned a level 2 spell: Passwall
   437 | D        | Found a glowing silver altar of Zin.
   439 | D        | Found a glowing golden altar of the Shining One.
   439 | D        | Found a basalt altar of Yredelemnul.
   439 | D        | Found a hide-covered altar of Uskayaw.
   440 | D        | Found a shimmering altar of Xom.
   440 | D        | Found a bloodstained altar of Trog.
   441 | D        | Found an ornate altar of the Wu Jian Council.
   441 | D        | Found a shimmering blue altar of Sif Muna.
   441 | D        | Found a corrupted altar of Lugonu.
   441 | D        | Found a radiant altar of Vehumet.
   441 | D        | Found a burning altar of Makhleb.
   444 | D        | Found a sparkling altar of Nemelex Xobeh.
   444 | D        | Found a blossoming altar of Fedhas.
   446 | D        | Found an opulent altar of Gozag.
   446 | D        | Found an iron altar of Okawaru.
   449 | D        | Noticed a polar bear
   451 | D        | Found an ancient bone altar of Kikubaaqudgha.
   451 | D        | Found a white marble altar of Elyvilon.
   451 | D        | Found a sacrificial altar of Ru.
   452 | D        | Found a shadowy altar of Dithmenos.
   452 | D        | Found a viscous altar of Jiyva.
   452 | D        | Found a stormy altar of Qazlal.
   456 | D        | Found a snail-covered altar of Cheibriados.
   456 | D        | Found a hazy altar of Hepliaklqana.
   461 | D        | Became a worshipper of Dithmenos the Shadowed
   495 | D        | Noticed a yaktaur
   496 | D        | Noticed a polar bear
   496 | D        | Noticed a polar bear
   499 | D        | Killed a polar bear
   500 | D        | Reached skill level 1 in Conjurations
   500 | D        | Reached skill level 1 in Earth Magic
   506 | D        | Killed a polar bear
   508 | D        | Killed a polar bear
   508 | D        | Reached * piety under Dithmenos
   513 | D        | Killed a yaktaur
   526 | D        | Noticed an ice dragon
   528 | D        | Killed an ice dragon
   528 | D        | Reached ** piety under Dithmenos
   529 | D        | Reached skill level 10 in Dodging
   529 | D        | Reached XP level 10. HP: 13/56 MP: 25/25
   849 | D        | Noticed a hell hog
   849 | D        | Noticed a hell hog
   855 | D        | Noticed a death drake
   859 | D        | Noticed a death drake
   861 | D        | HP: 2/56 [something] (7)]
   861 | D        | Succumbed to something's dark miasma

Illustrated notes

Levels and vault maps discovered:
D:        the_violet_keep_of_menkaure [sprint2_stairs_cluster_1,
          sprint2_shoproom, sprint2_temple, sprint2_basic_supplies,
          sprint2_obstacle_2, sprint2_obstacle_5, sprint2_obstacle_1,
          sprint2_obstacle_3, sprint2_obstacle_6, sprint2_timed_cluster_1,
          sprint2_smallroom_cluster_1, sprint2_smallroom_final_cluster_1,
          sprint2_transparent_cluster_1, sprint2_second_timed_cluster_1,
          sprint2_sniper_area_1, sprint2_heavy_combat_area_1,
          sprint2_mutation_trap_area_1, sprint2_forest_area_1,
          sprint2_light_combat_area_1, sprint2_behind_water_1,
          sprint2_near_end_vault_1]

Skill      XL: |  1  2  3  4  5  6  7  8  9 |
---------------+----------------------------+-----
Stealth        | 9 10 11 12 14 17 | 17.0
Spellcasting   | 5 6 7 9 10 | 10.9
Hexes          | 5 6 7 8 11 12 13 | 13.1
Fighting       | 1 2 3 4 6 7 8 |  8.0
Short Blades   | 2 3 4 5 6 7 8 |  8.5
Dodging        | 4 5 6 8 10 | 10.0
Conjurations   | 3 |  3.6
Earth Magic    | 4 |  4.4

Action                   |  1- 3 |  4- 6 |  7- 9 | 10-12 || total
-------------------------+-------+-------+-------+-------++-------
Melee: Dagger            |    17 |    14 |    32 |     4 ||    67
       Punch             |       |     1 |       |       ||     1
 Cast: Ensorcelled Hiber |       |       |     2 |     2 ||     4
       Passwall          |       |       |     2 |       ||     2
       Confusing Touch   |       |       |     1 |     2 ||     3
  Use: Potion            |     2 |       |     2 |       ||     4
       Scroll            |       |       |       |     1 ||     1
 Stab: Sleeping          |     2 |     3 |     8 |       ||    13
       Invisible         |     2 |       |     6 |       ||     8
       Confused          |       |       |     1 |       ||     1
Dodge: Dodged            |    11 |     5 |    33 |     4 ||    53
